 Dungeon Crawl Stone Soup version 0.25.0-11-g1f837a76a1 (webtiles) character file.

Game seed: 16414620184139960667

85 Delamore the Skirmisher (level 4, -5/38 HPs)
             Began as a Formicid Fighter on June 27, 2020.
             Killed from afar by a white imp (13 damage)
             ... with a puff of frost
             ... summoned by Natasha
             ... on level 2 of the Dungeon.
             The game lasted 00:01:07 (1419 turns).

Delamore the Skirmisher (Formicid Fighter)          Turns: 1419, Time: 00:01:07

Health: -5/38      AC:  6    Str: 21    XL:     4   Next: 75%
Magic:  4/4        EV:  7    Int:  8    God:
Gold:   48         SH: 10    Dex: 16    Spells: 3/3 levels left

rFire    . . .     SeeInvis +   a - +0 war axe
rCold    . . .     Gourm    .   c - +0 kite shield
rNeg     . . .     Faith    .   b - +0 scale mail
rPois    .         Spirit   .   (helmet unavailable)
rElec    .         Reflect  .   (no cloak)
rCorr    .         Harm     .   (no gloves)
MR       .....                  (no boots)
Stlth    ..........             (no amulet)
HPRegen  0.12/turn              j - ring of teleportation (curse)
MPRegen  0.09/turn              l - +6 ring of dexterity

@: no status effects
A: permanent stasis, dig shafts and tunnels, four strong arms, antennae 3
a: Dig, Shaft Self


You were on level 2 of the Dungeon.
You were not hungry.

You visited 1 branch of the dungeon, and saw 2 of its levels.

You collected 48 gold pieces.

Inventory:

Hand Weapons
 a - a +0 war axe (weapon)
Missiles
 m - a throwing net (quivered)
Armour
 b - a +0 scale mail (worn)
 c - a +0 kite shield (worn)
Jewellery
 j - a cursed ring of teleportation (left hand)
 l - a +6 ring of dexterity (right hand)
Scrolls
 e - 3 scrolls of fog {unknown}
 h - 2 scrolls of remove curse {unknown}
 i - 5 scrolls of identify {unknown}
 n - a scroll of fear {unknown}
 q - 2 scrolls of amnesia {unknown}
Potions
 d - a potion of might
 g - a potion of curing {unknown}
 k - a potion of ambrosia {unknown}
 o - a potion of haste {unknown}
Comestibles
 f - 3 rations
 p - 3 chunks of flesh


   Skills:
 + Level 4.5 Fighting
 + Level 3.6 Axes
 - Level 3.2 Armour
 - Level 3.6 Shields


You had 3 spell levels left.
You didn't know any spells.
Your spell library was empty.

Dungeon Overview and Level Annotations

Branches:
Dungeon (2/15)

Altars:

Annotations:
D:2 Natasha


Innate Abilities, Weirdness & Mutations

You cannot be hasted, slowed, berserked, paralysed or teleported.
You can dig through walls and to a lower floor.
Your four strong arms can wield two-handed weapons with a shield.
You have a pair of large antennae on your head. (SInv)


Message History

You are too injured to fight recklessly!
You are too injured to fight recklessly!
You are too injured to fight recklessly!
You are too injured to fight recklessly!
You are too injured to fight recklessly!
You are too injured to fight recklessly!
You are too injured to fight recklessly!
You are too injured to fight recklessly!
The white imp gestures at you. The puff of frost hits you.
* * * LOW HITPOINT WARNING * * *
Natasha casts a spell.
You see here 21 arrows.
Natasha wildly gestures.
You feel disoriented. The white imp gestures at you.
You block the puff of frost.
The crimson imp blinks!
The white imp gestures at you. The puff of frost hits you!
You die...

.................###.#......###
######..######§####............
#.....<# #.# #.............
#.###.## #h# #......)...##.
#.#######5# #.#.#.....###.
##.###.##...##(# #.#.##.....##.
.............##.# #.#.###.##.##.
##########...##.# #...# ####.##.
##.###@# #.### ##...#. #>#
#.###.######..#... #.#
#............###..
############.#######.######..#...
...(.....##÷÷.## #...........#.
.#######.#[....## #.#######..##.
.# #............# #.# #..##. .#
#.###.#.....## #.# #.....
.##########...## #.# ##.##.


You could see Natasha and a white imp (summoned).

Vanquished Creatures
  Natasha (D:2)
  An adder (D:2)
  A worm (D:2)
  3 dart slugs
  4 leopard geckos
  2 bats
  4 giant cockroaches
  2 goblins
  8 hobgoblins
  2 jackals (D:2)
  4 kobolds
  A ball python (D:2)
  A frilled lizard (D:1)
  A rat (D:2)
35 creatures vanquished.

Notes
Turn   | Place    | Note
-------+----------+-------------------------------------------
     0 | D:1      | Delamore the Formicid Fighter began the quest for the Orb.
     0 | D:1      | Reached XP level 1. HP: 18/18 MP: 1/1
   145 | D:1      | Reached XP level 2. HP: 24/24 MP: 2/2
   767 | D:2      | Reached XP level 3. HP: 30/30 MP: 3/3
   969 | D:2      | Reached skill level 4 in Fighting
  1220 | D:2      | Reached XP level 4. HP: 37/37 MP: 4/4
  1320 | D:2      | Noticed Natasha
  1324 | D:2      | Killed Natasha
  1405 | D:2      | Noticed Natasha
  1419 | D:2      | Killed from afar by a white imp

Illustrated notes

Levels and vault maps discovered:
D:1:      dpeg_arrival_rooms_c, layout_loops_ring, serial_park_tiny_pond
D:2:      minmay_angry_zag, layout_loops_ring, uniq_natasha

Skill      XL: |  1  2  3 |
---------------+----------+-----
Axes           | 3 |  3.6
Fighting       | 4 |  4.5
Armour         | |  3.2
Shields        | |  3.6

Action                   |  1- 3 |  4- 6 || total
-------------------------+-------+-------++-------
Melee: War axe           |    70 |    12 ||    82
  Eat: Chunk             |     1 |     1 ||     2
Armor: Scale mail        |    24 |     2 ||    26
Dodge: Dodged            |    22 |     3 ||    25
Block: Kite shield       |    45 |     6 ||    51
